 Dungeon Crawl Stone Soup version 0.23.2-32-g37ab1d4649 (webtiles) character file.

Game seed: 9662817106519123962

14583 Artanis the Cleaver (level 12, -4/111 HPs)
             Began as a Hill Orc Fighter on June 25, 2019.
             Was an Elder of Trog.
             Slain by Rupert
             ... wielding a +8 great mace of crushing
              (22 damage)
             ... while paralysed by Rupert
             ... on level 2 of the Orcish Mines.
             The game lasted 01:43:41 (15450 turns).

Artanis the Cleaver (Hill Orc Fighter)             Turns: 15450, Time: 01:43:42

Health: -4/111     AC: 19    Str: 24    XL:     12   Next: 18%
Magic:  12/12      EV:  2    Int:  8    God:    Trog [****..]
Gold:   919        SH:  0    Dex: 10    Spells: 11/11 levels left

rFire    + . .     SeeInvis .   q - +2 hand axe (elec)
rCold    . . .     Gourm    .   c - +0 shield
rNeg     . . .     Faith    .   M - +2 chain mail {rF+}
rPois    .         Spirit   .   (no helmet)
rElec    .         Reflect  .   a - +2 cloak
rCorr    .         Harm     .   v - +1 pair of gloves
MR       +....                  (no boots)
Stlth    ..........             (no amulet)
HPRegen  0.28/turn              I - ring of protection from magic
MPRegen  0.13/turn              (no ring)

@: paralysed
A: no striking features
a: Berserk, Trog's Hand, Brothers in Arms, Renounce Religion


You were on level 2 of the Orcish Mines.
You worshipped Trog.
Trog was greatly pleased with you.
You were not hungry.

You visited 3 branches of the dungeon, and saw 14 of its levels.
You also visited: Sewer.

You collected 919 gold pieces.

Inventory:

Hand Weapons
 m - a +0 hand crossbow
 q - a +2 hand axe of electrocution (weapon)
 y - a +2 flail of holy wrath
 E - a +0 morningstar
Missiles
 e - 139 bolts
 g - 121 sling bullets
 s - 3 tomahawks of dispersal
 x - 25 tomahawks (quivered)
Armour
 a - a +2 cloak (worn)
 c - a +0 shield (worn)
 i - a scarf of cloud immunity
 u - a +0 plate armour
 v - a +1 pair of gloves (worn)
 M - a +2 chain mail of fire resistance (worn)
Jewellery
 I - a ring of protection from magic (left hand)
Wands
 D - a wand of scattershot (4)
 J - a wand of flame (15)
Scrolls
 h - 2 scrolls of fear
 k - 3 scrolls of immolation
 l - 3 scrolls of fog
 n - 2 scrolls of blinking
 o - a scroll of amnesia {unknown}
 p - 6 scrolls of teleportation
 r - 4 scrolls of remove curse
 G - a scroll of torment {unknown}
 O - a scroll of noise {unknown}
Potions
 d - 3 potions of heal wounds
 j - a potion of resistance
 t - 6 potions of agility
 w - 2 potions of lignification
 z - 8 potions of curing
 A - a potion of magic
 B - 2 potions of invisibility
 C - 3 potions of flight
 F - a potion of ambrosia
 H - 2 potions of mutation {unknown}
 L - a potion of brilliance {unknown}
Miscellaneous
 K - a lamp of fire (inert)
Comestibles
 f - 13 rations


   Skills:
 * Level 11.7 Fighting
 * Level 12.3 Axes
 * Level 7.4 Crossbows
 * Level 10.8 Armour
 + Level 8.1 Shields


You had 11 spell levels left.
You didn't know any spells.
Your spell library contained the following spells:

 Spells                   Type           Power        Failure   Level  Hunger
 Magic Dart               Conj           #...         99%         1    ##.....
 Blink                    Tloc           N/A          100%        2    ###....
 Call Imp                 Summ           #.......     100%        2    ###....
 Slow                     Hex            #.......     100%        2    ###....
 Conjure Flame            Conj/Fire      #.......     100%        3    ####...
 Mephitic Cloud           Conj/Pois/Air  #.......     100%        3    ####...


Dungeon Overview and Level Annotations

Branches:
Dungeon (11/15)            Temple (1/1) D:4            Lair (0/6) D:8
    Orc (2/2) D:10
    Elf: Orc:2

Altars:
Ashenzari
Cheibriados
Dithmenos
Elyvilon
Fedhas
Gozag
Hepliaklqana
Kikubaaqudgha
Makhleb
Nemelex Xobeh
Okawaru
Qazlal
Ru
Sif Muna
Trog
Uskayaw
Vehumet
Wu Jian
Xom
Yredelemnul
Zin
The Shining One

Shops:
D:8 [

Annotations:
Orc:2 Rupert, Urug


Message History

Trog accepts your kill.
Urug throws a javelin of penetration.
The javelin of penetration pierces through you but does no damage.
Rupert yells loudly at you.
You suddenly lose the ability to move!
The orc knight hits you with a +0 great sword!!
Urug hits you with a +3 broad axe of flaming!
Urug burns you.
Rupert hits you with a +8 great mace of crushing!
The orc knight hits you with a +0 great sword.
Urug hits you with a +3 broad axe of flaming!
Urug burns you.
Rupert roars madly and goes into a rage!
Rupert goes berserk!
The orc knight hits you but does no damage.
Rupert hits you but does no damage. Urug completely misses you.
The orc knight hits you with a +0 great sword!!
* * * LOW HITPOINT WARNING * * *
Rupert hits you with a +8 great mace of crushing!!
You die...

....#$.........
....((.........
.....(........#
.............$.
...............
.........$....<
......o@o.....$
.......@.......
...............
......#.(......
...........^...
..... ...(.....
.........#(....
.... ..........
....#.#........


You could see Rupert (berserk), an orc knight and Urug.

Vanquished Creatures
  An orc warlord (D:10)
  A hydra (D:11)
  2 two-headed ogres
  An unseen horror (D:11)
  Pikel (D:4)
  An orc sorcerer (D:10)
  A gargoyle (D:11)
  Psyche (D:9)
  Grinder (D:3)
  3 trolls
  2 hippogriffs
  A wraith (D:10)
  Sigmund (D:4)
  A wyvern (D:7)
  2 hungry ghosts (D:10)
  Eustachio (D:4)
  6 yaks (D:9)
  4 wargs
  3 water moccasins
  3 sky beasts
  A black bear (D:10)
  2 slaves (D:4)
  An eye of draining (D:11)
  9 orc warriors
  A necrophage (D:5)
  A phantom (D:5)
  5 ogres
  9 centaurs
  Blork the orc (D:6)
  7 bullfrogs
  A big kobold (Sewer)
  A gnoll sergeant (D:7)
  A wyvern skeleton (D:7)
  4 scorpions
  4 killer bees (D:10)
  A centaur zombie (D:5)
  6 crimson imps
  2 gnoll shamans
  3 jellies
  A bullfrog zombie (D:7)
  A bullfrog skeleton (D:7)
  2 centaur skeletons
  15 orc priests
  3 hounds
  21 orc wizards
  Natasha (thrice) (D:4 D:3)
  4 worker ants
  2 killer bee zombies (D:9)
  2 hound skeletons
  2 worker ant zombies
  14 gnolls
  A river rat (Sewer)
  12 adders
  3 shadow imps
  An adder skeleton (D:7)
  2 worms
  2 dart slugs (D:1)
  7 leopard geckos
  65 orcs
  10 bats
  10 giant cockroaches
  7 goblins
  10 hobgoblins
  12 jackals
  5 quokkas
  5 frilled lizards
  9 kobolds
  13 rats
341 creatures vanquished.

Vanquished Creatures (collateral kills)
  An orc warrior (D:10)
  3 orcs
4 creatures vanquished.

Grand Total: 345 creatures vanquished

Notes
Turn   | Place    | Note
-------+----------+-------------------------------------------
     0 | D:1      | Artanis the Hill Orc Fighter began the quest for the Orb.
     0 | D:1      | Reached XP level 1. HP: 19/19 MP: 1/1
   205 | D:1      | Reached XP level 2. HP: 27/27 MP: 2/2
   330 | D:1      | Reached skill level 3 in Axes
   707 | D:1      | Reached XP level 3. HP: 33/33 MP: 3/3
  1400 | D:2      | Reached XP level 4. HP: 41/41 MP: 4/4
  1411 | D:2      | Found an opulent altar of Gozag.
  1412 | D:2      | Found a shattered altar of Ashenzari.
  1412 | D:2      | Found a sparkling altar of Nemelex Xobeh.
  2048 | D:3      | Reached XP level 5. HP: 47/47 MP: 5/5
  2070 | D:3      | Reached skill level 4 in Axes
  2334 | D:3      | Noticed Grinder
  2338 | D:3      | Paralysed by Grinder for 5 turns
  2344 | D:3      | HP: 2/47 [Grinder (6)]
  2367 | D:3      | HP: 2/47 [Grinder/nerve-wracking pain (2)]
  2377 | D:3      | Killed Grinder
  2377 | D:3      | Reached skill level 5 in Fighting
  2377 | D:3      | Reached skill level 5 in Axes
  2377 | D:3      | Reached skill level 5 in Armour
  2377 | D:3      | Reached XP level 6. HP: 24/56 MP: 6/6
  2896 | D:4      | Noticed a slave
  2897 | D:4      | Noticed a slave
  2897 | D:4      | Noticed a slave
  2950 | D:4      | Noticed a slave
  2952 | D:4      | Noticed Pikel
  3123 | D:4      | Found a staircase to the Ecumenical Temple.
  3133 | D:4      | Reached XP level 7. HP: 57/62 MP: 7/7
  3185 | Temple   | Entered the Ecumenical Temple
  3543 | D:4      | Found an iron altar of Okawaru.
  3552 | D:4      | Noticed Natasha
  3560 | D:4      | Killed Natasha
  3604 | D:4      | Found a bloodstained altar of Trog.
  3610 | D:4      | Became a worshipper of Trog the Wrathful
  3654 | D:4      | Noticed Eustachio
  3654 | D:4      | Noticed Natasha
  3680 | D:3      | Killed Natasha
  3750 | D:3      | Noticed Natasha
  3756 | D:3      | Killed Natasha
  3831 | D:4      | Noticed Sigmund
  4010 | D:4      | Reached skill level 6 in Axes
  4714 | D:4      | Killed Eustachio
  4714 | D:4      | Reached skill level 1 in Crossbows
  4714 | D:4      | Reached XP level 8. HP: 50/71 MP: 8/8
  5199 | D:4      | Killed Sigmund
  5199 | D:4      | Reached skill level 5 in Shields
  5499 | D:4      | Killed Pikel
  5499 | D:4      | Reached skill level 7 in Axes
  5547 | D:5      | Entered Level 5 of the Dungeon
  5638 | D:5      | Found a glowing drain.
  5645 | D:5      | Reached * piety under Trog
  5669 | Sewer    | Entered a sewer
  5779 | Sewer    | Reached XP level 9. HP: 77/80 MP: 9/9
  5801 | Sewer    | Found a white marble altar of Elyvilon.
  6136 | D:5      | Reached skill level 8 in Axes
  6477 | D:5      | Found a sacrificial altar of Ru.
  6588 | D:5      | Reached ** piety under Trog
  7442 | D:6      | Reached skill level 9 in Axes
  7443 | D:6      | Reached *** piety under Trog
  7524 | D:6      | Noticed Blork the orc
  7552 | D:6      | Killed Blork the orc
  7935 | D:6      | Reached XP level 10. HP: 91/91 MP: 10/10
  8220 | D:7      | Found a shadowy altar of Dithmenos.
  8446 | D:7      | Found an iron altar of Okawaru.
  8464 | D:7      | Received a gift from Trog
  8964 | D:7      | Found an opulent altar of Gozag.
  9636 | D:7      | Reached skill level 10 in Axes
  9636 | D:7      | Reached skill level 5 in Crossbows
  9855 | D:8      | Noticed a two-headed ogre
  9864 | D:8      | Killed a two-headed ogre
 10046 | D:8      | Received a gift from Trog
 10046 | D:8      | Reached skill level 10 in Fighting
 10428 | D:8      | Found a staircase to the Lair.
 10529 | D:8      | Found Fowiseaj's Antique Armour Shop.
 10703 | D:8      | Found a deep blue altar of Sif Muna.
 10703 | D:8      | Found a glowing silver altar of Zin.
 10708 | D:8      | Found a white marble altar of Elyvilon.
 10710 | D:8      | Found a faded altar of an unknown god.
 10713 | D:8      | Found an ancient bone altar of Kikubaaqudgha.
 11328 | D:9      | Found a radiant altar of Vehumet.
 11328 | D:9      | Found a burning altar of Makhleb.
 11467 | D:9      | Reached XP level 11. HP: 82/101 MP: 11/11
 11473 | D:9      | Reached **** piety under Trog
 12046 | D:9      | Noticed a two-headed ogre
 12056 | D:9      | Killed a two-headed ogre
 12056 | D:9      | Reached skill level 11 in Axes
 12057 | D:9      | Received a gift from Trog
 12395 | D:10     | Entered Level 10 of the Dungeon
 12685 | D:10     | Noticed Psyche
 12698 | D:9      | Killed Psyche
 12801 | D:10     | Reached skill level 10 in Armour
 12967 | D:10     | Found a staircase to the Orcish Mines.
 13449 | Orc:1    | Entered Level 1 of the Orcish Mines
 13456 | Orc:1    | Noticed an orc warlord
 13456 | Orc:1    | Noticed an orc sorcerer
 13457 | Orc:1    | Received a gift from Trog
 13476 | D:10     | Killed an orc sorcerer
 13780 | D:11     | Noticed a seven-headed hydra
 13808 | D:11     | Killed a seven-headed hydra
 14192 | D:11     | Received a gift from Trog
 14626 | D:11     | Killed an unseen horror
 14626 | D:11     | Reached skill level 12 in Axes
 14626 | D:11     | Reached XP level 12. HP: 57/110 MP: 12/12
 15058 | D:10     | Killed an orc warlord
 15434 | Orc:2    | Entered Level 2 of the Orcish Mines
 15434 | Orc:2    | Noticed Urug
 15438 | Orc:2    | Noticed Rupert
 15446 | Orc:2    | Paralysed by Rupert for 7 turns
 15450 | Orc:2    | Slain by Rupert

Skill      XL: |  1  2  3  4  5  6  7  8  9 10 11 12 |
---------------+-------------------------------------+-----
Axes           | 3 5 6 7 9 10 12 | 12.3
Fighting       | 4 5 6 7 9 10 11 | 11.7
Armour         | 4 5 6 7 8 9 10 | 10.8
Shields        | 4 5 6 7 8 |  8.1
Crossbows      | 1 2 4 5 7 |  7.4

Action                   |  1- 3 |  4- 6 |  7- 9 | 10-12 || total
-------------------------+-------+-------+-------+-------++-------
Melee: War axe           |    35 |       |       |       ||    35
       Hand axe          |    74 |   114 |   355 |   443 ||   986
       Flail             |       |       |       |    12 ||    12
 Fire: Hand crossbow     |       |       |    10 |   200 ||   210
Throw: Tomahawk          |       |     3 |     8 |       ||    11
Invok: Berserk           |       |       |     2 |     6 ||     8
       Brothers in Arms  |       |       |       |     3 ||     3
Evoke: Lamp of fire      |       |       |       |     1 ||     1
  Use: Potion            |       |     4 |     2 |       ||     6
       Scroll            |       |     4 |     7 |    10 ||    21
 Stab: Distracted        |       |       |       |     1 ||     1
  Eat: Chunk             |     2 |     5 |    10 |    23 ||    40
       Ration            |       |       |     2 |     4 ||     6
Armor: Scale mail        |    48 |    46 |    95 |    59 ||   248
       Chain mail        |       |       |       |   152 ||   152
Dodge: Dodged            |    23 |    33 |    75 |   119 ||   250
Block: Shield            |    46 |    50 |   132 |   236 ||   464
